 Dungeon Crawl Stone Soup version 0.16-a0-3807-g3748f16 (console) character file.

3592 MrRokkomies the Slicer (level 9, 0/63 HPs)
             Began as a High Elf Warper on Jan 27, 2015.
             Was a Priest of Dithmenos.
             Succumbed to a killer bee's poison
             ... on level 8 of the Dungeon.
             The game lasted 00:56:32 (8467 turns).

MrRokkomies the Slicer (High Elf Warper)            Turns: 8467, Time: 00:56:33

Health: 0/63       AC:  5    Str: 15    XL:     9   Next: 85%
Magic:  22/22      EV: 17    Int: 17    God:    Dithmenos [***...]
Gold:   633        SH:  0    Dex: 19    Spells: 4 memorised, 6 levels left

rFire  . . .     SeeInvis .     a - +0 dagger (distort)
rCold  . . .     Clarity  .     b - +1 leather armour
rNeg   . . .     SustAb   .     (no shield)
rPois  +         Gourm    .     (no helmet)
rElec  .         Spirit   .     r - +0 cloak
rCorr  .         Warding  .     (no gloves)
rMut   .         Stasis   .     (no boots)
MR     .....                    (no amulet)
Stlth  ++........               p - ring of poison resistance
                                h - ring of invisibility

@: mighty, lethally poisoned, very slightly contaminated, hasted, wreathed by
umbra, very quick, not resistant to hostile enchantments, unstealthy
A: hooves 1, slow healing 1, MP-powered wands 1
a: Shadow Step, Renounce Religion, Evoke Invisibility


You were on level 8 of the Dungeon.
You worshipped Dithmenos.
Dithmenos was most pleased with you.
You were hungry.

You visited 2 branches of the dungeon, and saw 9 of its levels.

You collected 633 gold pieces.

Inventory:

Hand weapons
 a - a +0 dagger of distortion (weapon)
 z - the +7 Singing Sword
   (You found it on level 7 of the Dungeon)
Missiles
 e - 5 tomahawks of dispersal (quivered)
 A - 3 throwing nets
Armour
 b - a +1 leather armour (worn)
 r - a +0 cloak (worn)
Jewellery
 h - a ring of invisibility (left hand)
 m - an uncursed amulet of stasis
 p - a ring of poison resistance (right hand)
 y - an uncursed ring of stealth {unknown}
Magical devices
 u - a wand of magic darts (13)
 v - a wand of slowing (35)
 x - a wand of polymorph (12)
 E - a wand of draining (9)
Scrolls
 q - a scroll of remove curse
 s - a scroll of recharging
 D - a scroll of teleportation
Potions
 l - 4 potions of brilliance
 n - a potion of restore abilities
 o - a potion of cancellation
Books
 c - a book of Spatial Translocations

   Spells                             Type                      Level
   a - Apportation                    Translocation                1
   b - Blink                          Translocation                2
   c - Shroud of Golubria             Charms/Translocation         2
   d - Portal Projectile              Translocation                3
   e - Teleport Other                 Translocation                3
   f - Passage of Golubria            Translocation                4
 w - a book of Transfigurations

   Spells                             Type                      Level
   a - Stoneskin                      Transmutation/Earth          2
   b - Irradiate                      Conjuration/Transmutation    5
   c - Statue Form                    Transmutation/Earth          6
   d - Hydra Form                     Transmutation                6
   e - Dragon Form                    Transmutation                7
Comestibles
 f - 7 bread rations
 j - 3 meat rations
 k - 3 slices of pizza


   Skills:
 + Level 6.5 Fighting
 * Level 9.5(10.2) Short Blades
 * Level 5.6(8.3) Long Blades
 - Level 1.1 Throwing
 - Level 0.8 Armour
 * Level 6.7 Dodging
 - Level 2.4 Spellcasting
 - Level 3.2 Translocations
 - Level 7.0 Evocations


You had 6 spell levels left.
You knew the following spells:

 Your Spells              Type           Power        Failure   Level  Hunger
a - Apportation           Tloc           ##........   10%         1    #......
b - Blink                 Tloc           N/A          12%         2    ##.....
c - Shroud of Golubria    Chrm/Tloc      #.........   21%         2    ##.....
d - Animate Skeleton      Necr           N/A          24%         1    #......


Dungeon Overview and Level Annotations

Branches:
Dungeon (8/15)             Temple (1/1) D:6
   Lair: D:8-11

Altars:
Cheibriados
Dithmenos
Kikubaaqudgha
Makhleb
Nemelex Xobeh
Okawaru
Qazlal
Sif Muna
Vehumet
Xom
Yredelemnul
Zin

Shops:
D:4 :   D:5 =   D:6 !

Annotations:
D:6 Charly's ghost, average HOGl
D:8 MDvedh's ghost, experienced FoFi; Maurice
Abyss:1 Grinder


Innate Abilities, Weirdness & Mutations

You have large cloven feet.
You heal slowly when monsters are visible.
You expend magic power (3 MP) to slightly strengthen your wands.


Message History

You feel sick. The killer bee stings you!
* * * LOW HITPOINT WARNING * * *
You feel sick.
You see here an arrow.
The killer bee stings you!
* * * LOW HITPOINT WARNING * * *
You are lethally poisoned!
The killer bee poisons you!
Drink which item? (? for menu, Esc to quit)
It was a potion of mutation.
You feel extremely strange.
Your feet thicken and deform.
You feel less able to contain your magic power.
* * * LOW HITPOINT WARNING * * *
You feel sick. The killer bee closely misses you.
Drink which item? (? for menu, Esc to quit)
It was a potion of might.
You feel very mighty all of a sudden. The killer bee completely misses you.
The killer bee stings you.
* * * LOW HITPOINT WARNING * * *
You die...

#.# #.# #.# ###.#
################...#
#...............(..#
##.........####.?.... #
###..........#....###..
...##
#...#..%.....#.######..
....###.##((########.# ##...
#>.......y.@..<(....# ##..#.
####...g[y###.....#####..##.
####..)###...#.### #.Z###.
##....W.....#...# #.## #.
#.)##.###...#.########.# #.
####))).÷##..#.... ...#..#
#. #...W.###...## .## #.#.##
##. ....?###....### ..#
##...# #.. .#.## #.#.... #
###...## #.. # #...###
#...<.#####.. ..##
######.##.†...Z...


You could see 2 killer bees, MDvedh's ghost and a gnoll.

Vanquished Creatures
  The ghost of MDvedh the Cruncher, an experienced FoGl of Ru (D:7)
  An orc warrior (D:6)
  A sky beast (D:8)
  2 ogres
  A centaur (D:7)
  Sigmund (D:2)
  Blork the orc (D:5)
  6 giant frogs
  A scorpion (D:7)
  3 killer bees (D:8)
  3 wights (D:7)
  2 crimson imps (D:6)
  3 hounds
  An orc priest (D:7)
  A goliath beetle (D:7)
  A centaur zombie (D:5)
  A jelly (D:7)
  3 gnoll shamans
  3 orc wizards (D:7)
  An iguana (D:4)
  3 worker ants
  Ijyb (D:3)
  A worker ant zombie (D:5)
  12 adders
  39 gnolls
  A river rat (D:8)
  4 giant mites
  A shadow imp (D:8)
  2 worms
  3 giant geckos
  An ooze (D:6)
  13 orcs
  13 bats
  A bat zombie (D:6)
  3 giant cockroaches
  20 hobgoblins
  28 jackals
  11 kobolds
  2 quokkas
  A ball python (D:2)
  7 giant newts
  17 goblins
  A jackal zombie (D:3)
  A quokka skeleton (D:5)
  A quokka zombie (D:6)
  15 rats
  A rat zombie (D:8)
240 creatures vanquished.

Vanquished Creatures (collateral kills)
  An iguana (D:5)
  An orc wizard (D:7)
  An adder (D:4)
  A river rat (D:8)
  6 gnolls (D:6)
  A giant mite (D:7)
  An ooze (D:4)
  2 orcs
  A bat skeleton (D:7)
  A goblin (D:7)
  8 bats
  2 jackals
  A kobold (D:7)
  A rat (D:4)
  A fungus (D:7)
29 creatures vanquished.

Vanquished Creatures (others)
  An ogre (D:6)
  A centaur (D:8)
  2 giant frogs
  A gnoll sergeant (D:6)
  A scorpion (D:7)
  A killer bee (D:8)
  A giant frog skeleton (D:7)
  An ogre skeleton (D:8)
  A hound skeleton (D:6)
  A worker ant zombie (D:6)
  An adder (D:3)
  8 gnolls
  2 adder skeletons
  An orc (D:4)
  A goblin (D:5)
  A hobgoblin (D:3)
  A jackal (D:6)
  2 kobolds
  9 gnoll skeletons
  3 orc skeletons
  A fungus (D:7)
41 creatures vanquished.

Grand Total: 310 creatures vanquished

Notes
Turn   | Place    | Note
--------------------------------------------------------------
     0 | D:1      | MrRokkomies, the High Elf Warper, began the quest for the Orb.
     0 | D:1      | Reached XP level 1. HP: 14/14 MP: 4/4
   309 | D:1      | Reached XP level 2. HP: 6/19 MP: 6/6
  1174 | D:2      | Reached XP level 3. HP: 21/25 MP: 8/8
  1199 | D:2      | Reached skill level 1 in Evocations
  1226 | D:2      | Noticed Sigmund
  1257 | D:2      | Killed Sigmund
  1257 | D:2      | Reached skill level 4 in Long Blades
  1257 | D:2      | Reached XP level 4. HP: 18/30 MP: 9/11
  1694 | D:2      | Reached XP level 5. HP: 36/36 MP: 12/12
  2056 | D:2      | Found a radiant altar of Vehumet.
  2061 | D:2      | Identified Vehumet's Catalogue of Confrontation
  2065 | D:2      | Found an ancient bone altar of Kikubaaqudgha.
  2069 | D:2      | Identified Kikubaaqudgha's Disquisition on Evil Rituals
  2073 | D:2      | Found a deep blue altar of Sif Muna.
  2077 | D:2      | Identified Sif Muna's Disquisition on Creation
  2081 | D:2      | Learned a level 2 spell: Blink
  2084 | D:2      | Learned a level 2 spell: Shroud of Golubria
  2086 | D:2      | Learned a level 1 spell: Animate Skeleton
  2211 | D:3      | Noticed Ijyb
  2223 | D:3      | Killed Ijyb
  2325 | D:3      | Reached skill level 1 in Short Blades
  3132 | D:4      | Noticed an ogre
  3146 | D:4      | Killed an ogre
  3146 | D:4      | Reached XP level 6. HP: 42/42 MP: 15/15
  3301 | D:4      | Noticed Grinder
  3656 | D:4      | Found Gaosaelu's Book Shoppe.
  3707 | D:4      | Found a stormy altar of Qazlal.
  3713 | D:4      | Banished Grinder
  3713 | D:4      | Reached XP level 7. HP: 28/47 MP: 17/17
  3818 | D:5      | Entered Level 5 of the Dungeon
  3893 | D:5      | Found a shimmering altar of Xom.
  4096 | D:5      | Found Pnaicimp's Jewellery Emporium.
  4174 | D:5      | Noticed Blork the orc
  4215 | D:5      | Killed Blork the orc
  4215 | D:5      | Reached skill level 5 in Evocations
  4455 | D:5      | Found a snail-covered altar of Cheibriados.
  4866 | D:6      | Found a staircase to the Ecumenical Temple.
  4885 | Temple   | Entered the Ecumenical Temple
  4924 | Temple   | Became a worshipper of Dithmenos the Shadowed
  5017 | D:6      | Reached skill level 5 in Short Blades
  5044 | D:6      | Found Hequosku's Distillery.
  5087 | D:6      | Reached skill level 6 in Evocations
  5103 | D:6      | Found a glowing silver altar of Zin.
  5207 | D:6      | Reached XP level 8. HP: 54/54 MP: 18/20
  5856 | D:6      | Found an iron altar of Okawaru.
  5895 | D:6      | Found a snail-covered altar of Cheibriados.
  6000 | D:6      | Reached skill level 5 in Fighting
  6000 | D:6      | Reached skill level 7 in Evocations
  6646 | D:6      | Acquired Dithmenos' first power
  6678 | D:6      | Noticed Charly's ghost (average HOGl)
  7165 | D:7      | Noticed MDvedh's ghost (experienced FoGl)
  7183 | D:7      | Killed MDvedh's ghost
  7183 | D:7      | Reached skill level 8 in Short Blades
  7183 | D:7      | Reached skill level 5 in Dodging
  7183 | D:7      | Reached XP level 9. HP: 38/62 MP: 22/22
  7764 | D:7      | Reached skill level 9 in Short Blades
  7888 | D:8      | Acquired Dithmenos' second power
  8020 | D:8      | Reached skill level 5 in Long Blades
  8121 | D:8      | Noticed Maurice
  8136 | D:8      | Gained mutation: You heal slowly when monsters are visible. [mutagenic glow]
  8453 | D:8      | Noticed MDvedh's ghost (experienced FoFi)
  8465 | D:8      | Gained mutation: You have large cloven feet. [potion of mutation]
  8465 | D:8      | Gained mutation: You expend magic power (3 MP) to slightly strengthen your wands. [potion of mutation]
  8466 | D:8      | HP: 1/63 [killer bee (5)]
  8467 | D:8      | Succumbed to a killer bee's poison

Action                   |  1- 3 |  4- 6 |  7- 9 || total
-------------------------+-------+-------+-------++-------
Melee: Falchion          |    77 |       |       ||    77
       Dagger            |    25 |   278 |   681 ||   984
 Cast: Shroud of Golubri |       |     1 |    10 ||    11
       Animate Skeleton  |       |     3 |    22 ||    25
       Blink             |       |       |     2 ||     2
 Abil: Evoke Invisibilit |     1 |     1 |    11 ||    13
  Use: Scroll            |       |    10 |     4 ||    14
       Potion            |       |       |     9 ||     9
 Stab: Invisible         |     2 |       |    28 ||    30
       Sleeping          |       |     1 |     3 ||     4
       Distracted        |       |       |     2 ||     2
       Held in net/web   |       |       |     1 ||     1
  Eat: Chunk             |     1 |     9 |    15 ||    25
       Meat ration       |       |       |     1 ||     1
       Pizza             |       |       |     1 ||     1
